Map: Bel'Shir Vestige LE (Void)

Players

niceUsername

  • Race: Terran Terran
  • Spawn Location: 5:00

Caliber - Winner!

  • Race: Protoss Protoss
  • Spawn Location: 11:00

Event: WCS Austin 2017

VOD

Have the link to the VOD?

Description

Time

  • Played on: April 28, 2017, 2:12 p.m.
  • Length: 10:06

All games in this series

Show
View Real Time Build Order
Export as new Build Order

niceUsername Terran 

Build Orders:  

Get SALT Encoding   

  12  0:00  SCV  
  13  0:12  SCV  
  14  0:17  Supply Depot  
  14  0:24  SCV  
  15  0:36  Refinery  
  15  0:39  SCV  
  16  0:44  Barracks  
  16  0:51  SCV  
  17  1:03  SCV  
  18  1:15  SCV  
  19  1:27  SCV  
  21  1:46  Factory  
  20  1:48  Orbital Command  
  20  2:13  Supply Depot  
  20  2:15  Supply Depot  
  20  2:34  Widow Mine, SCV  
  23  2:47  Orbital Command  
  23  3:12  Marine  
  24  3:15  Factory Tech Lab  
  24  3:21  Orbital Command  
  12  3:57  Siege Tank  
  15  4:04  SCV  
  16  4:11  Barracks  
  16  4:21  SCV  
  17  4:33  SCV  
  18  4:45  SCV  
  19  4:48  Bunker  
  17  5:04  SCV  
  16  5:26  SCV  
  17  5:29  Marine  
  17  5:32  Barracks x2  
  16  5:50  SCV  
  16  6:00  Marine  
  16  6:02  SCV  
  18  6:06  Engineering Bay  
  18  6:14  Command Center, SCV  
  19  6:26  SCV  
  20  6:38  SCV  
  13  6:50  Marine x2, SCV  
  15  7:02  SCV  
  15  7:07  Marine  
  15  7:08  Marine x2  
  18  7:15  SCV  
  19  7:25  Refinery, Marine  
  19  7:27  SCV  
  21  7:33  Marine x2  
  23  7:39  SCV  
  23  7:43  Marine  
  25  7:49  Supply Depot  
  25  7:51  Marine x2, SCV  
  26  8:01  Marine  
  26  8:03  SCV  
  26  8:08  Marine  
  26  8:09  Marine  
  24  8:28  SCV  
  24  8:30  SCV  
  24  8:34  Marine  
  26  8:40  SCV  
  28  8:45  SCV  
  27  8:52  SCV  
  28  8:57  SCV  
  27  9:09  SCV  
  28  9:15  SCV  
  28  9:16  Marine  
  30  9:24  Barracks Tech Lab  
  30  9:33  SCV  
  30  9:34  SCV  
  21  9:46  SCV  
  18  9:53  SCV  
Show
View Real Time Build Order
Export as new Build Order

Caliber Protoss - Winner!

Build Orders: Cannon Rush 

Get SALT Encoding   

  12  0:00  Probe (Chrono Boost)  
  13  0:11  Probe (Chrono Boost)  
  14  0:18  Pylon  
  14  0:22  Probe (Chrono Boost)  
  15  0:36  Probe (Chrono Boost)  
  15  0:39  Forge  
  16  0:47  Probe (Chrono Boost)  
  17  0:53  Pylon  
  17  1:14  Photon Cannon  
  17  1:16  Pylon  
  17  1:22  Pylon  
  17  1:28  Pylon  
  17  1:36  Photon Cannon  
  17  1:39  Pylon  
  17  1:47  Photon Cannon  
  17  1:58  Photon Cannon  
  17  2:05  Photon Cannon  
  17  2:17  Photon Cannon  
  17  2:19  Probe (Chrono Boost)  
  17  2:30  Gateway  
  17  2:37  Pylon  
  17  2:39  Probe (Chrono Boost)  
  18  2:54  Pylon  
  18  2:57  Photon Cannon  
  18  3:04  Probe (Chrono Boost)  
  19  3:12  Photon Cannon  
  19  3:15  Photon Cannon  
  19  3:25  Cybernetics Core  
  18  3:28  Assimilator  
  18  3:36  Probe (Chrono Boost), Zealot  
  20  3:53  Probe (Chrono Boost)  
  20  3:55  Assimilator  
  21  4:00  Adept  
  21  4:05  Probe (Chrono Boost)  
  24  4:16  Probe (Chrono Boost)  
  25  4:20  Warp Gate  
  25  4:27  Probe (Chrono Boost)  
  25  4:30  Stalker  
  28  4:38  Probe (Chrono Boost), Pylon  
  29  4:50  Mothership Core (Chrono Boost)  
  31  5:07  Stalker  
  31  5:10  Probe (Chrono Boost)  
  33  5:22  Probe (Chrono Boost)  
  33  5:28  Robotics Facility  
  33  5:33  Stalker  
  33  5:34  Probe (Chrono Boost)  
  36  5:46  Probe (Chrono Boost)  
  36  5:58  Probe (Chrono Boost)  
  36  5:59  Stalker  
  36  6:01  Gateway  
  38  6:04  Gateway  
  38  6:10  Probe (Chrono Boost)  
  39  6:44  Warp Prism  
  34  6:50  Nexus  
  34  6:53  Mothership Core (Chrono Boost)  
  35  7:07  Stalker x3  
  41  7:12  Probe (Chrono Boost)  
  42  7:17  Twilight Council  
  42  7:20  Pylon  
  42  7:25  Probe (Chrono Boost), Immortal  
  48  7:37  Probe (Chrono Boost)  
  48  7:39  Sentry  
  50  7:49  Probe (Chrono Boost)  
  51  8:06  Stalker x3  
  51  8:12  Pylon  
  57  8:31  Dark Shrine  
  57  8:32  Probe (Chrono Boost)  
  57  8:34  Assimilator, Probe (Chrono Boost)  
  59  8:36  Assimilator, Observer  
  60  8:43  Probe (Chrono Boost)  
  60  8:46  Probe (Chrono Boost)  
  62  8:53  Probe (Chrono Boost)  
  63  9:02  Probe (Chrono Boost)  
  64  9:04  Probe (Chrono Boost)  
  64  9:06  Adept x3  
  71  9:14  Probe x2 (Chrono Boost)  
  73  9:20  Pylon  
  73  9:21  Pylon  
  73  9:26  Probe (Chrono Boost)  
  74  9:34  Adept x3  
  64  9:57  Dark Templar x3  
Tags
 
Add a new tag
Caveats
  • Supply blocks, unpowered buildings, or Contaminate may cause inaccurate times.
  • Supply counts are checked every 10 seconds.